 Dungeon Crawl Stone Soup version 0.26.1-11-gd32895ea62 (webtiles) character file.

Game seed: 16453339977589562573

3696 Zeld the Slicer (level 10, -4/60 HPs)
             Began as an Octopode Brigand on May 14, 2021.
             Was an Initiate of Fedhas.
             Slain by a hellwing (8 damage)
             ... summoned by an orc sorcerer
             ... in a bailey.
             The game lasted 00:23:39 (14026 turns).

Zeld the Slicer (Octopode Brigand)                 Turns: 14026, Time: 00:23:40

Health: -4/60      AC:  1    Str: 14    XL:     10   Next: 13%
Magic:  23/23      EV: 13    Int: 13    God:    Fedhas [......]
Gold:   346        SH:  0    Dex: 14    Spells: 28/28 levels left

rFire    . . .     SeeInvis .   a - +4 dagger
rCold    . . .     Faith    .   (no shield)
rNeg     . . .     Spirit   .   (helmet restricted)
rPois    .         Reflect  .   (no amulet)
rElec    .         Harm     .   (no ring)
rCorr    .         Rampage  .   (no ring)
Will     .....                  (no ring)
Stlth    +++++.....             (no ring)
HPRegen  0.20/turn              (no ring)
MPRegen  0.18/turn              (no ring)
                                (no ring)
                                (no ring)

@: no status effects
A: almost no armour, stealthy swim, amphibious, 8 rings, constrict 8, camouflage
1, gelatinous body 1
a: Renounce Religion


You were in a bailey.
You worshipped Fedhas.
Fedhas was noncommittal.
You visited 2 branches of the dungeon, and saw 8 of its levels.
You also visited: Sewer, Ossuary and Bailey.

You collected 346 gold pieces.

Inventory:

Hand Weapons
 a - a +4 dagger (weapon)
 q - a +1 dagger of venom
Missiles
 b - 16 poisoned darts (quivered)
 c - 2 curare-tipped darts
Wands
 r - a wand of flame (31)
 s - a wand of polymorph (5)
Scrolls
 d - 4 scrolls of remove curse
 h - 5 scrolls of teleportation
 k - 2 scrolls of blinking
 l - 2 scrolls of enchant armour
 v - a scroll of amnesia
 w - a scroll of vulnerability {unknown}
 x - a scroll of identify
Potions
 e - 2 potions of might
 f - a potion of cancellation
 g - a potion of invisibility
 i - a potion of flight
 j - 3 potions of resistance {unknown}
 m - 3 potions of brilliance {unknown}
 n - a potion of lignification {unknown}
 o - 3 potions of curing
 p - 6 potions of heal wounds {unknown}
 t - 2 potions of haste
 u - 2 potions of magic {unknown}


   Skills:
 - Level 2.0 Fighting
 - Level 10.0 Short Blades
 - Level 2.0 Throwing
 - Level 1.0 Dodging
 - Level 5.3 Stealth
 + Level 9.5 Spellcasting


You had 28 spell levels left.
You didn't know any spells.
Your spell library was empty.

Dungeon Overview and Level Annotations

Branches:
Dungeon (7/15)             Temple (1/1) D:6           Sewer (visited)
Ossuary (visited)          Bailey (1/1)

Altars:
Ashenzari
Cheibriados
Dithmenos
Elyvilon
Fedhas
Gozag
Hepliaklqana
Kikubaaqudgha
Makhleb
Nemelex Xobeh
Okawaru
Qazlal
Ru
Sif Muna
Trog
Vehumet
Wu Jian
Xom
Yredelemnul
Zin
The Shining One

Shops:
D:6 [


Innate Abilities, Weirdness & Mutations

You cannot wear most types of armour.
You are very stealthy in the water. (Stealth+)
You are amphibious.
You can wear up to eight rings at the same time.
You can use your tentacles to constrict eight enemies at once.
Your skin changes colour to match your surroundings (Stealth+).
Your rubbery body absorbs attacks. (AC +1, EV +1)


Message History

Okay, then.
Hit: a) +4 dagger
Press: ? - help, Dir - move target, f - hellwing
Aim: a hellwing (water, lightly wounded, summoned)
Okay, then.
Unknown command.
Aiming: Polymorph
Press: ? - help, Shift-Dir - straight line, f - hellwing
Aim: a hellwing (water, lightly wounded, summoned, will become a red devil, a ynoxinul, or a smoke demon, chance to affect: 15%)
Okay, then.
Aiming: Throw Flame
Press: ? - help, Shift-Dir - straight line, f - hellwing
Aim: a hellwing (water, lightly wounded, summoned, 32% to evade)
The puff of flame hits the hellwing but does no damage.
The hellwing is lightly wounded.
The hellwing hits you!
* * * LOW HITPOINT WARNING * * *
The hellwing hits you!
You die...
Fedhas appreciates your contribution to the ecosystem.

##########################
#≈≈≈≈≈≈≈≈≈≈≈≈≈≈≈@≈≈≈≈≈≈≈≈≈
#≈≈≈≈≈≈≈≈≈≈≈≈≈≈≈4≈≈≈≈≈≈≈≈≈
#≈≈≈≈≈≈≈≈≈≈≈≈≈≈≈≈≈≈≈≈≈≈≈≈≈
#≈≈≈≈≈≈≈≈≈≈≈≈≈≈≈≈≈≈≈≈≈≈≈≈≈
#≈≈≈≈≈≈≈≈≈≈≈≈≈≈≈≈≈≈≈≈≈≈≈≈≈
#≈≈≈≈≈≈≈≈≈≈≈≈≈≈≈≈≈≈≈≈≈≈≈≈≈
#≈≈≈≈≈≈≈≈≈≈≈≈≈≈≈≈≈≈≈≈≈≈≈≈≈
#≈≈≈≈≈≈≈≈≈≈≈≈≈≈≈≈≈≈≈≈≈≈≈≈≈
#≈≈≈≈≈######≈≈g4goog5K≈≈≈#


You could see a hellwing (summoned).

Vanquished Creatures
  A kobold demonologist (Bailey)
  Prince Ribbit (D:6)
  Grinder (D:5)
  Eustachio (D:6)
  Menkaure (D:6)
  An orc warrior (Bailey)
  2 sky beasts (D:5)
  4 centaurs
  An ogre (D:5)
  3 big kobolds (Sewer)
  5 bullfrogs (D:6)
  A gnoll sergeant (D:6)
  3 water moccasin zombies (Ossuary)
  A scorpion (D:5)
  A water moccasin skeleton (D:4)
  A wight (D:6)
  An electric eel (Bailey)
  2 centaur zombies
  A bullfrog zombie (D:4)
  3 orc priests
  A bullfrog skeleton (D:4)
  4 hounds
  A jelly (D:5)
  6 orc wizards
  An iguana (D:4)
  A centaur skeleton (D:6)
  4 worker ants
  2 big kobold zombies (Ossuary)
  2 mummies (Ossuary)
  7 gnolls
  4 river rats
  11 adders
  2 shadow imps
  2 white imps (D:5)
  An ufetubus (D:7)
  3 oozes
  3 adder zombies
  4 adder skeletons
  4 worms
  4 dart slugs
  7 leopard geckos
  20 orcs
  11 giant cockroaches
  10 goblins
  8 hobgoblins
  7 jackals
  12 kobolds
  5 quokkas
  4 ball pythons
  5 bats
  11 frilled lizards
  4 gnoll zombies (Ossuary)
  5 hobgoblin zombies (Ossuary)
  4 kobold zombies (Ossuary)
  3 leopard gecko zombies
  6 orc zombies (Ossuary)
  12 rats
  2 rat zombies (D:6)
238 creatures vanquished.

Vanquished Creatures (others)
  8 plants (D:3)
  A withered plant (D:3)
9 creatures vanquished.

Grand Total: 247 creatures vanquished

Notes
Turn   | Place    | Note
-------+----------+-------------------------------------------
     0 | D:1      | Zeld the Octopode Brigand began the quest for the Orb.
     0 | D:1      | Reached XP level 1. HP: 14/14 MP: 1/1
   134 | D:1      | Reached XP level 2. HP: 19/19 MP: 2/2
   595 | D:1      | Reached skill level 1 in Spellcasting
   603 | D:1      | Reached skill level 3 in Short Blades
   662 | D:1      | Reached XP level 3. HP: 24/24 MP: 4/4
  1105 | D:2      | Reached XP level 4. HP: 26/29 MP: 6/6
  1696 | D:3      | Reached skill level 4 in Short Blades
  1710 | D:3      | Reached XP level 5. HP: 34/34 MP: 6/8
  3031 | D:4      | Reached skill level 5 in Short Blades
  3036 | D:4      | Found a glowing drain.
  3039 | D:4      | Reached XP level 6. HP: 23/39 MP: 9/9
  3056 | Sewer    | Entered a sewer
  3474 | Sewer    | Reached skill level 6 in Short Blades
  3690 | Sewer    | Reached XP level 7. HP: 34/45 MP: 10/12
  4722 | D:4      | Reached skill level 7 in Short Blades
  5106 | D:4      | Reached XP level 8. HP: 50/50 MP: 14/14
  5228 | D:5      | Entered Level 5 of the Dungeon
  6317 | D:5      | Reached skill level 8 in Short Blades
  6794 | D:5      | Found a stormy altar of Qazlal.
  7096 | D:5      | Reached skill level 5 in Spellcasting
  7322 | D:5      | Noticed Grinder
  7326 | D:5      | Paralysed by Grinder for 7 turns
  7673 | D:5      | Killed Grinder
  7674 | D:5      | Reached skill level 9 in Short Blades
  7907 | D:5      | Reached XP level 9. HP: 37/54 MP: 17/17
  8265 | D:6      | Found Jiqipi's Armour Shop.
  8281 | D:6      | Noticed Eustachio
  8282 | D:6      | Noticed Menkaure
  8291 | D:6      | Killed Eustachio
  8307 | D:6      | Found a sand-covered staircase.
  8449 | Ossuary  | Entered an ossuary
  8755 | Ossuary  | Reached skill level 10 in Short Blades
  9115 | D:6      | Noticed Prince Ribbit
  9896 | D:6      | Killed Menkaure
 10250 | D:6      | HP: 1/54 [Prince Ribbit (19)]
 10656 | D:6      | Killed Prince Ribbit
 11196 | D:6      | Found a staircase to the Ecumenical Temple.
 11205 | Temple   | Entered the Ecumenical Temple
 11360 | Temple   | Became a worshipper of Fedhas Madash
 12881 | D:7      | Found a flagged portal.
 12916 | D:7      | Reached XP level 10. HP: 45/60 MP: 22/22
 12955 | Bailey   | Entered a bailey
 13979 | Bailey   | Noticed an orc knight
 13980 | Bailey   | Noticed a kobold demonologist
 13981 | Bailey   | Noticed an orc sorcerer
 14021 | Bailey   | Killed a kobold demonologist
 14026 | Bailey   | Slain by a hellwing

Illustrated notes

Levels and vault maps discovered:
D:1:      minmay_arrival_checkered_box, layout_basic, st_stairs_7
D:2:      layout_loops_ring
D:3:      minmay_recursive_quarters, layout_loops_ring, serial_undead,
          serial_undead_d, serial_undead_e, serial_undead_f, serial_undead_c,
          serial_bayou_ford_a
D:4:      minmay_general_purpose_star, layout_loops_ring, portal_sewer_entry_a
D:5:      layout_cave_pools, minmay_ruined_shrine, uniq_grinder
D:6:      layout_cave_pools, temple_hall, enter_ossuary_4, serial_shops,
          kennysheep_mini, kennysheep_opposing_triangles, uniq_eustachio,
          uniq_prince_ribbit1, uniq_menkaure
D:7:      layout_basic, gammafunk_ghost_grave, enter_bailey_2, tso_altar,
          uniq_harold
Temple:   regret_index_temple_sigil_plot
Bailey:   bailey_axe_of_yendor_kennysheep, bailey

Skill      XL: |  1  2  3  4  5  6  7  8  9 10 |
---------------+-------------------------------+-----
Spellcasting   | 1 2 3 4 5 8 9 |  9.5
Short Blades   | 3 4 5 6 7 9 10 | 10.0
Fighting       | |  2.0
Throwing       | |  2.0
Dodging        | |  1.0
Stealth        | |  5.3

Action                   |  1- 3 |  4- 6 |  7- 9 | 10-12 || total
-------------------------+-------+-------+-------+-------++-------
Melee: Dagger            |    54 |   160 |   412 |    17 ||   643
       Constrict         |    17 |    38 |    83 |       ||   138
       Tentacles         |    13 |    34 |    97 |     4 ||   148
Throw: Dart              |       |     1 |    62 |    26 ||    89
Evoke: Wand              |       |       |       |     1 ||     1
  Use: Scroll            |       |     8 |    14 |       ||    22
       Potion            |       |       |     3 |     5 ||     8
 Stab: Sleeping          |     9 |    18 |    28 |       ||    55
       Distracted        |     1 |       |     3 |       ||     4
Armor: Skin              |     1 |    10 |     5 |       ||    16
Dodge: Dodged            |    21 |    73 |   167 |    13 ||   274
